Map: Eternal Empire LE

Players

antagomiR - Winner!

  • Race: Protoss Protoss
  • League: Gold
  • Spawn Location: 1:00

VOD

Have the link to the VOD?

Description

Time

  • Played on: April 21, 2020, 1:45 p.m.
  • Length: 11:57
Show
View Real Time Build Order
Export as new Build Order

antagomiR Protoss - Winner!

Build Orders: 1 Gate Expand, Colossus Rush 

Get SALT Encoding   

  12  0:03  Probe  
  12  0:15  Probe  
  12  0:18  Pylon  
  12  0:27  Probe  
  12  0:36  Gateway  
  12  0:39  Probe (Chrono Boost)  
  12  0:49  Probe (Chrono Boost)  
  12  0:51  Assimilator  
  12  0:54  Probe (Chrono Boost)  
  12  1:05  Probe  
  12  1:25  Probe  
  12  1:29  Nexus  
  12  1:44  Cybernetics Core  
  12  1:45  Probe  
  12  1:52  Assimilator  
  12  2:00  Pylon  
  12  2:01  Probe  
  12  2:13  Probe  
  12  2:22  Warp Gate, Adept (Chrono Boost)  
  12  2:25  Probe  
  12  2:35  Robotics Facility  
  12  2:37  Probe  
  12  2:45  Stalker  
  12  2:50  Probe  
  12  2:51  Probe  
  12  3:03  Probe x2  
  12  3:15  Probe, Gateway  
  12  3:18  Gateway  
  12  3:20  Sentry  
  12  3:23  Probe  
  12  3:33  Pylon  
  12  3:36  Probe  
  12  3:37  Probe  
  12  3:48  Sentry  
  12  3:50  Probe x2  
  12  3:59  Robotics Bay  
  12  4:02  Probe  
  12  4:03  Probe  
  12  4:14  Probe  
  12  4:15  Probe, Stalker  
  12  4:18  Adept  
  12  4:28  Assimilator  
  12  4:32  Pylon, Assimilator  
  12  4:34  Probe x2  
  12  4:35  Pylon  
  12  4:46  Observer (Chrono Boost)  
  12  4:50  Probe x2  
  12  5:02  Probe  
  12  5:05  Observer (Chrono Boost)  
  12  5:09  Probe  
  12  5:25  Probe x2  
  12  5:26  Colossus  
  12  5:36  Stalker  
  12  5:45  Pylon  
  12  5:48  Pylon  
  12  6:05  Extended Thermal Lance (Chrono Boost)  
  12  6:09  Nexus  
  12  6:12  Pylon  
  12  6:17  Zealot x3  
  12  6:40  Gateway  
  12  6:44  Gateway  
  12  6:47  Probe x2, Gateway  
  12  6:49  Gateway  
  12  6:52  Gateway  
  12  6:53  Colossus  
  12  7:07  Forge  
  12  7:09  Twilight Council  
  12  7:24  Probe x2  
  12  7:26  Probe  
  12  7:34  Assimilator  
  12  7:35  Zealot x3  
  12  7:36  Probe x2, Protoss Ground Weapons Level 1 (Chrono Boost)  
  12  7:37  Assimilator  
  12  7:43  Charge (Chrono Boost)  
  12  7:46  Pylon  
  12  7:47  Colossus  
  12  7:52  Probe  
  12  7:53  Probe x2  
  12  7:57  Pylon  
  12  8:03  Templar Archives  
  12  8:05  Zealot x2  
  12  8:06  Zealot  
  12  8:07  Zealot  
  12  8:08  Zealot  
  12  8:09  Zealot x2  
  12  8:22  Pylon  
  12  8:23  Zealot  
  12  8:24  Pylon  
  12  8:36  Probe x3  
  12  8:37  Pylon  
  12  8:40  Colossus  
  12  8:41  Zealot x2  
  12  8:44  High Templar x4  
  12  8:48  Probe  
  12  8:55  Probe  
  12  8:57  Pylon  
  12  9:00  Archon x2  
  12  9:04  Pylon  
  12  9:05  Zealot x2  
  12  9:06  Pylon  
  12  9:07  High Templar  
  12  9:14  Photon Cannon  
  12  9:15  Photon Cannon  
  12  9:21  Photon Cannon  
  12  9:22  Photon Cannon  
  12  9:27  High Templar x3  
  12  9:28  High Templar x3  
  12  9:31  Archon  
  12  9:32  Zealot  
  12  9:34  Colossus  
  12  9:36  Archon x2  
  12  9:55  High Templar x2  
  12  9:56  Nexus  
  12  9:59  Archon  
  12  10:00  Pylon  
  12  10:04  Pylon  
  12  10:07  Psionic Storm  
  12  10:18  Probe x3  
  12  10:30  Probe x2  
  12  10:31  Assimilator  
  12  10:35  High Templar x2, Assimilator  
  12  10:36  High Templar  
  12  10:37  Zealot  
  12  10:38  Zealot x2  
  12  11:17  Pylon  
  12  11:19  Pylon  
  12  11:21  Pylon  
  12  11:24  Pylon  
  12  11:41  High Templar x4  
  12  11:42  High Templar  
  12  11:47  Archon  
  12  11:48  Archon  
Tags
 
Add a new tag
Caveats
  • Supply blocks, unpowered buildings, or Contaminate may cause inaccurate times.
  • Supply counts are checked every 10 seconds.